 Dungeon Sprint DCSS version 0.31-a0-37-g98a128e1d9 (webtiles) character file.

Game seed: 11178555130851836650

1477 sircluck the Grappler (level 8, -1/92 HPs)
             Began as a Troll Berserker on May 15, 2023.
             Was a Priest of Trog.
             Slain by a demonic crawler (8 damage)
             ... in the Dungeon (Sprint VII: "The Pits").
             The game lasted 00:01:14 (332 turns).

sircluck the Grappler (Troll Berserker)              Turns: 332, Time: 00:01:14

Health: -1/92      AC:  4    Str: 28    XL:     8   Next: 49%
Magic:  7/7        EV: 12    Int:  3    God:    Trog [***...]
Gold:   0          SH:  0    Dex:  9    Spells: 7/7 levels left

rFire   . .          .
                       - Unarmed
rCold   . . .        (no shield)
rNeg    . . .        a - +0 animal skin
rPois   .            (helmet restricted)
rElec   .            (no cloak)
rCorr   .            (gloves unavailable)
SInv    .            (boots unavailable)
Will    .....        (no amulet)
Stlth   +            (no ring)
HPRegen 1.15/turn    (no ring)
MPRegen 0.10/turn

%: no teleportation
@: no status effects
A: large, unfitting armour, claws 3, regeneration 1, shaggy fur 1, tough skin 1
a: Renounce Religion, Berserk, Trog's Hand


You were in the Dungeon.
You worshipped Trog.
Trog was most pleased with you.
You visited 1 branch

Inventory:

Armour
 a - a +0 animal skin (worn)
Scrolls
 g - a scroll of blinking
Potions
 b - a potion of curing
 c - a potion of heal wounds
 d - a potion of haste
 e - 2 potions of magic
 f - a potion of berserk rage


   Skills:
 + Level 9.0 Fighting
 + Level 9.5 Dodging
 + Level 12.3 Unarmed Combat


You had 7 spell levels left.
You didn't know any spells.
Your spell library was empty.

Dungeon Overview and Level Annotations

Branches:
Dungeon (1/1)

Altars:


Innate Abilities, Weirdness & Mutations

You are too large for most types of armour.
You have claws for hands.
Your natural rate of healing is unusually fast.
You are covered in fur. (AC +1)
You have tough skin. (AC +1)


Message History

The basilisk is heavily wounded.
The basilisk barely misses you.
You claw the basilisk!
The basilisk is almost dead.
You closely miss the basilisk.
The basilisk is almost dead.
The basilisk gazes at you. You resist with some effort.
You mangle the basilisk!!
You kill the basilisk!
Trog accepts your kill.
Your Fighting skill increases to level 9!
No target in view!
No target in view!
No target in view!
No target in view!
No target in view!
No target in view!
No target in view!
No target in view!
No target in view!
No target in view!
No target in view!
Unknown command.
A demonic crawler comes into view.
The demonic crawler gives a hideous shriek!
You scratch the demonic crawler but do no damage.
The demonic crawler hits you. The demonic crawler hits you! x2
You barely miss the demonic crawler. You claw the demonic crawler.
The demonic crawler is lightly wounded.
The demonic crawler hits you!!
* * * LOW HITPOINT WARNING * * *
The demonic crawler hits you!
* * * LOW HITPOINT WARNING * * *
The demonic crawler barely misses you.
The demonic crawler attacks as you move away!
The demonic crawler hits you!
* * * LOW HITPOINT WARNING * * *
The demonic crawler hits you!
You die...

#.......##...##
#...<...###...##+##..
#.......# ##.........
#.......###..###+###.
#.......##..##
##########..+ #..## #
##..###+###...#
##....@s....#
#†).##+##..## #...##
.# #..## ###


You could see a demonic crawler.

Vanquished Creatures
  A boulder beetle (D)
  A kobold demonologist (D)
  A basilisk (D)
  3 yaks (D)
  A black bear (D)
7 creatures vanquished.

Notes
Turn   | Place    | Note
-------+----------+-------------------------------------------
     0 | D        | sircluck the Troll Berserker began the quest for the Orb.
     0 | D        | Reached XP level 1. HP: 22/22 MP: 0/0
    11 | D        | Noticed a yak
    24 | D        | Killed a yak
    25 | D        | Reached skill level 5 in Fighting
    25 | D        | Reached skill level 5 in Dodging
    25 | D        | Reached skill level 6 in Unarmed Combat
    25 | D        | Reached XP level 2. HP: 35/35 MP: 1/1
    25 | D        | Reached XP level 3. HP: 42/42 MP: 2/2
    25 | D        | Reached XP level 4. HP: 50/50 MP: 3/3
    63 | D        | Noticed a yak
    65 | D        | Noticed a yak
    72 | D        | Killed a yak
    73 | D        | Reached skill level 8 in Unarmed Combat
    73 | D        | Reached XP level 5. HP: 36/61 MP: 4/4
    73 | D        | Reached XP level 6. HP: 40/68 MP: 5/5
    77 | D        | Killed a yak
    77 | D        | Reached ** piety under Trog
    78 | D        | Reached skill level 9 in Unarmed Combat
    87 | D        | Noticed a boulder beetle
   229 | D        | Killed a boulder beetle
   230 | D        | Reached skill level 11 in Unarmed Combat
   230 | D        | Reached XP level 7. HP: 19/81 MP: 6/6
   230 | D        | Reached XP level 8. HP: 21/89 MP: 7/7
   308 | D        | Noticed a kobold demonologist
   313 | D        | Noticed an orange demon
   314 | D        | Noticed a hellwing
   316 | D        | Killed a kobold demonologist
   317 | D        | Reached skill level 12 in Unarmed Combat
   325 | D        | Reached *** piety under Trog
   327 | D        | Noticed a demonic crawler
   332 | D        | Slain by a demonic crawler

Illustrated notes

Levels and vault maps discovered:
D:        pitsprint [storerooms_1, entrance_room_1, metal_vault_5, armoury_2,
          mini_pit_1, grid_room_1, main_hall_1, silver_pit, the_coven_1,
          the_vestibule_1, steel_vault_5, golden_pit, hallway_of_sentries,
          crystal_vault_4, iron_vault_1, final_vault]

Skill      XL: |  1  2  3  4  5  6  7  8 |
---------------+-------------------------+-----
Fighting       | 5 6 8 9 |  9.0
Dodging        | 5 6 9 |  9.5
Unarmed Combat | 6 8 11 12 | 12.3

Action                     |  1- 3 |  4- 6 |  7- 9 || total
---------------------------+-------+-------+-------++-------
  Melee: Unarmed           |     2 |    37 |    18 ||    57
         Punch             |       |     4 |     1 ||     5
 Invoke: Berserk           |     1 |     1 |       ||     2
 Armour: Animal skin       |     1 |     6 |     6 ||    13
  Dodge: Dodged            |       |     6 |    14 ||    20

Table legend: (Time is in decaauts)
 A = Elapsed time spent in this place.
 B = Non-inter-level travel time spent in this place.
 C = Inter-level travel time spent in this place.
 D = Time resting spent in this place.
 E = Time spent auto-exploring this place.
 F = Levels seen in this place.
 G = Mean time per level.
                   A        B        C        D        E       F      G
               +--------+--------+--------+--------+--------+-----+--------+
         Total |    343 |    343 |      0 |    218 |     10 |   1 |  343.0 |
       Dungeon |    343 |    343 |      0 |    218 |     10 |   1 |  343.0 |
               +--------+--------+--------+--------+--------+-----+--------+

Top non-repeatable levels by time:
       D: 343 daAuts
